 Dungeon Crawl Stone Soup version 0.24-a0-443-g80245de385 (webtiles) character file.

Game seed: 11036092339360604525

19612 tilp the Spear-Bearer (level 12, -8/81 HPs)
             Began as a Deep Elf Fire Elementalist on June 20, 2019.
             Was an Elder of Vehumet.
             Engulfed by an ice statue's freezing vapour (18 damage)
             ... in an ice cave on June 21, 2019.
             The game lasted 00:53:00 (14823 turns).

tilp the Spear-Bearer (Deep Elf Fire Elementalist) Turns: 14823, Time: 00:53:00

Health: -8/81      AC: 14    Str:  5    XL:     12   Next: 38%
Magic:  22/26      EV: 13    Int: 26    God:    Vehumet [****..]
Gold:   658        SH:  0    Dex: 15    Spells: 8/28 levels left

rFire    . . .     SeeInvis .   a - +8 demon trident "Rift" {distort, reach+}
rCold    . . .     Gourm    .   (no shield)
rNeg     . . .     Faith    .   k - +0 leather armour
rPois    .         Spirit   .   X - +0 helmet
rElec    .         Reflect  .   C - +2 cloak
rCorr    .         Harm     .   S - +0 pair of gloves
MR       ++...                  f - +1 pair of boots
Stlth    ++........             W - amulet of Vitality {Regen+ HP+15}
HPRegen  0.63/turn              F - +4 ring of protection
MPRegen  0.20/turn              q - ring of protection from magic

@: no status effects
A: no striking features
a: Renounce Religion


You were in an ice cave.
You worshipped Vehumet.
Vehumet was greatly pleased with you.
You were hungry.

You visited 3 branches of the dungeon, and saw 15 of its levels.
You also visited: Ice Cave.

You collected 658 gold pieces.

Inventory:

Hand Weapons
 a - the +8 demon trident "Rift" (weapon) {distort, reach+}
   (You found it on level 4 of the Dungeon)

   It warps and distorts space around it.
   Unwielding it can cause banishment or high damage.
Missiles
 i - 7 poisoned darts (quivered)
 Q - 4 silver boomerangs
Armour
 f - a +1 pair of boots (worn)
 k - a +0 leather armour (worn)
 C - a +2 cloak (worn)
 S - a +0 pair of gloves (worn)
 X - a +0 helmet (worn)
Magical Staves
 E - an uncursed staff of summoning {unknown}
 R - an uncursed staff of cold {unknown}
Jewellery
 b - an uncursed ring of positive energy
 n - an uncursed ring of resist corrosion
 q - a ring of protection from magic (right hand)
 u - a +2 ring of protection
 v - an uncursed ring of magical power
 y - an uncursed ring of wizardry
 B - an uncursed ring of positive energy
 F - a +4 ring of protection (left hand)
 K - an uncursed ring of protection from fire
 O - a +5 ring of strength {unknown}
 W - the amulet of Vitality (around neck) {Regen+ HP+15}
   (You found it on level 2 of the Lair of Beasts)

   [amulet of regeneration]

   It affects your health (+15).
   It increases your rate of regeneration.
Wands
 d - a wand of random effects (11)
 j - a wand of digging (5)
 p - a wand of polymorph (26)
 r - a wand of enslavement (4)
Scrolls
 l - 2 scrolls of enchant weapon
 m - 2 scrolls of amnesia
 o - 7 scrolls of teleportation
 s - a scroll of fog
 w - 6 scrolls of remove curse
 U - 2 scrolls of identify
Potions
 e - 6 potions of resistance
 g - 4 potions of agility
 h - 4 potions of curing
 x - 2 potions of brilliance
 z - a potion of berserk rage
 G - a potion of cancellation
 H - a potion of haste
 J - 2 potions of invisibility
 M - 4 potions of flight
 N - a potion of magic {unknown}
 P - 2 potions of mutation {unknown}
 T - a potion of experience {unknown}
Comestibles
 c - 39 rations
 t - 5 chunks of flesh


   Skills:
 - Level 4.1 Fighting
 * Level 10.4 Polearms
 - Level 4.0 Dodging
 - Level 4.0 Stealth
 + Level 8.8 Spellcasting
 - Level 10.0 Conjurations
 - Level 10.0 Fire Magic
 - Level 4.0 Evocations


You had 8 spell levels left.
You knew the following spells:

 Your Spells              Type           Power        Failure   Level  Hunger
a - Flame Tongue          Conj/Fire      #####        1%          1    None
b - Throw Flame           Conj/Fire      ######       1%          2    None
c - Conjure Flame         Conj/Fire      ######..     1%          3    None
d - Sticky Flame          Conj/Fire      ######..     1%          4    #......
e - Fireball              Conj/Fire      ######....   1%          5    ####...
g - Summon Butterflies    Summ           ##......     9%          1    None
h - Throw Icicle          Conj/Ice       #####...     3%          4    #......

Your spell library contained the following spells:

 Spells                   Type           Power        Failure   Level  Hunger
 Iskenderun's Mystic Bla  Conj           ######..     1%          4    #......
 Inner Flame              Hex/Fire       #####...     1%          3    None
 Stone Arrow              Conj/Erth      #####.       1%          3    None
 Sandblast                Erth           ##....       2%          1    None
 Summon Small Mammal      Summ           ##..         9%          1    None
 Call Imp                 Summ           ##......     13%         2    None
 Passwall                 Tmut/Erth      ##......     13%         2    None
 Call Canine Familiar     Summ           ##......     26%         3    None
 Summon Guardian Golem    Hex/Summ       ##......     26%         3    None
 Lee's Rapid Deconstruct  Erth           ##........   50%         5    ####...
 Petrify                  Tmut/Erth      ##......     65%         4    #......
 Summon Ice Beast         Ice/Summ       ##......     65%         4    #......
 Summon Lightning Spire   Summ/Air       ##......     65%         4    #......
 Summon Mana Viper        Hex/Summ       ##......     94%         5    ####...
 Summon Hydra             Summ           ##........   100%        7    #######


Dungeon Overview and Level Annotations

Branches:
Dungeon (11/15)            Temple (1/1) D:5            Lair (3/6) D:8
  Swamp (0/4) Lair:2       Spider (0/4) Lair:3          Orc (0/2) D:9

Altars:
Ashenzari
Cheibriados
Dithmenos
Elyvilon
Fedhas
Gozag
Kikubaaqudgha
Makhleb
Nemelex Xobeh
Okawaru
Qazlal
Ru
Sif Muna
Trog
Vehumet
Wu Jian
Xom
Yredelemnul
Zin
The Shining One

Annotations:
D:8 Psyche IceCv exclusion: 2 ice statues


Message History

The ice beast hits you but does no damage. x3
Unknown command.
You are too injured to fight recklessly!
You barely miss the ice beast.
The ice beast is almost dead.
You are engulfed in freezing vapours.
The ice beast hits you but does no damage.
The ice beast closely misses you. The ice beast barely misses you.
The ice beast hits you but does no damage.
You puncture the ice beast!
You kill the ice beast!
You are engulfed in freezing vapours.
The ice statue glitters chillingly in the dim dungeon light.
The ice beast hits you.
* * * LOW HITPOINT WARNING * * *
The ice beast freezes you!
* * * LOW HITPOINT WARNING * * *
The ice beast misses you.
You barely miss the ice beast.
You are engulfed in freezing vapours.
You die...

#######
##○○°Y@##
##..°∩YYY##
##...○.°...##
#.....©.....#
#...........#
#.......Y...#
#.............#
#....8...8....#
#......}......#


You could see 2 ice statues and 5 ice beasts.

Vanquished Creatures
  3 hydras
  2 two-headed ogres
  An unseen horror (D:10)
  2 ugly things (IceCv)
  A deep elf mage (D:10)
  A centaur skeleton (D:11)
  A gargoyle (D:11)
  2 komodo dragons
  2 spiny frogs
  A kobold demonologist (D:9)
  A jumping spider (Lair:3)
  A hippogriff (Lair:1)
  Prince Ribbit (D:7)
  4 blink frogs (Lair:2)
  2 dream sheep (D:9)
  A shadow (D:11)
  A wyvern (D:10)
  13 yaks
  A warg (D:9)
  3 swamp worms (Lair:2)
  4 water moccasins
  6 porcupines
  Duvessa (D:5)
  7 ice beasts
  5 orc warriors
  2 sky beasts
  4 phantoms
  A necrophage (D:10)
  6 wolves
  4 ogres
  3 centaurs
  4 crocodiles
  3 big kobolds (D:9)
  10 bullfrogs
  A wyvern skeleton (D:10)
  Dowan (D:5)
  3 scorpions
  A howler monkey (D:6)
  8 crimson imps
  3 bullfrog zombies
  2 centaur zombies
  5 jellies
  3 orc priests
  9 orc wizards
  A gnoll shaman (D:8)
  6 hounds
  2 bullfrog skeletons (D:11)
  Jessica (D:3)
  3 iguanas
  Ijyb (D:3)
  3 worker ants
  3 hound skeletons
  A worker ant zombie (D:7)
  10 adders
  2 gnolls (D:8)
  2 howler monkey skeletons
  An ooze (D:3)
  A worm (D:4)
  3 dart slugs
  5 leopard geckos
  32 orcs
  9 bats
  6 giant cockroaches
  11 goblins
  5 hobgoblins
  7 jackals
  7 quokkas
  3 ball pythons
  5 frilled lizards
  A giant cockroach zombie (D:6)
  A quokka skeleton (D:7)
  6 rats
  A butterfly (Lair:2)
279 creatures vanquished.

Vanquished Creatures (collateral kills)
  A wolf (D:9)
  An orc priest (D:9)
  A gnoll (D:8)
  2 orcs (D:6)
5 creatures vanquished.

Vanquished Creatures (others)
  An ugly thing (D:11)
  A centaur zombie (D:11)
  A spiny frog (Lair:1)
  Grum (D:9)
  A water moccasin (Lair:3)
  An orc warrior (D:10)
  A gnoll (D:8)
  An orc (D:9)
  A plant (Lair:2)
9 creatures vanquished.

Grand Total: 293 creatures vanquished

Notes
Turn   | Place    | Note
-------+----------+-------------------------------------------
     0 | D:1      | tilp the Deep Elf Fire Elementalist began the quest for the
                  | Orb.
     0 | D:1      | Reached XP level 1. HP: 10/10 MP: 6/6
    85 | D:1      | Reached XP level 2. HP: 15/15 MP: 4/8
    89 | D:1      | Learned a level 2 spell: Throw Flame
   113 | D:1      | Upgraded the game from 0.24-a0-441-g27f0392e16 to
                  | 0.24-a0-443-g80245de385
   590 | D:1      | Reached XP level 3. HP: 19/19 MP: 7/9
   773 | D:1      | Learned a level 3 spell: Conjure Flame
  1512 | D:3      | Noticed Jessica
  1514 | D:3      | Killed Jessica
  1514 | D:3      | Reached skill level 5 in Fire Magic
  1519 | D:3      | Reached XP level 4. HP: 24/24 MP: 4/10
  1866 | D:3      | Noticed Ijyb
  2341 | D:3      | Reached XP level 5. HP: 28/28 MP: 12/12
  2365 | D:3      | Learned a level 4 spell: Sticky Flame
  2822 | D:4      | Found a stormy altar of Qazlal.
  3027 | D:4      | Found a shadowy altar of Dithmenos.
  3049 | D:4      | Found the +8 demon trident "Rift" {distort, reach+}
  3050 | D:4      | Reached skill level 5 in Spellcasting
  3064 | D:4      | Reached XP level 6. HP: 26/32 MP: 10/16
  3427 | D:4      | Found a shimmering altar of Xom.
  3552 | D:4      | Reached skill level 1 in Fighting
  3627 | D:5      | Entered Level 5 of the Dungeon
  3627 | D:5      | Found an iron altar of Okawaru.
  3658 | D:4      | Reached XP level 7. HP: 15/38 MP: 7/18
  3997 | D:5      | Found a staircase to the Ecumenical Temple.
  4016 | Temple   | Entered the Ecumenical Temple
  4063 | Temple   | Became a worshipper of Vehumet
  4126 | D:5      | Noticed Dowan
  5158 | D:6      | Learned a level 5 spell: Fireball
  5160 | D:6      | Learned a level 1 spell: Summon Small Mammal
  5274 | D:6      | Reached XP level 8. HP: 44/44 MP: 15/19
  5388 | D:6      | Reached skill level 5 in Conjurations
  5754 | D:6      | Found a snail-covered altar of Cheibriados.
  5819 | D:7      | Noticed Prince Ribbit
  5832 | D:7      | Killed Prince Ribbit
  6338 | D:7      | Found a shattered altar of Ashenzari.
  6795 | D:7      | Reached * piety under Vehumet
  6795 | D:7      | Offered knowledge of Magic Dart by Vehumet.
  7034 | D:8      | Noticed a komodo dragon
  7043 | D:8      | Killed a komodo dragon
  7043 | D:8      | Reached XP level 9. HP: 13/48 MP: 7/20
  7384 | D:8      | Noticed Psyche
  7634 | D:8      | Noticed a two-headed ogre
  7645 | D:8      | Killed a two-headed ogre
  7794 | D:8      | Found a burning altar of Makhleb.
  7844 | D:8      | Found a staircase to the Lair.
  8288 | D:9      | Found an opulent altar of Gozag.
  8292 | D:9      | Noticed a two-headed ogre
  8311 | D:9      | Killed a two-headed ogre
  8416 | D:9      | Found a sacrificial altar of Ru.
  8473 | D:9      | Noticed Grum
  8481 | D:9      | Reached XP level 10. HP: 47/56 MP: 13/21
  8481 | D:9      | Your ally died
  8839 | D:9      | Found a bloodstained altar of Trog.
  8839 | D:9      | Found an ancient bone altar of Kikubaaqudgha.
  8914 | D:9      | Reached skill level 5 in Polearms
  8947 | D:9      | Found a staircase to the Orcish Mines.
  8957 | D:9      | Reached ** piety under Vehumet
  9083 | D:9      | Offered knowledge of Shock by Vehumet.
  9403 | D:9      | Noticed a three-headed hydra
  9408 | D:9      | Killed a three-headed hydra
  9485 | D:10     | Entered Level 10 of the Dungeon
  9502 | D:10     | Noticed a deep elf mage
  9504 | D:10     | Killed a deep elf mage
  9986 | D:10     | Reached XP level 11. HP: 61/61 MP: 18/22
 10324 | D:10     | Offered knowledge of Ignite Poison by Vehumet.
 10497 | D:10     | Noticed an unseen horror
 10498 | D:10     | Killed an unseen horror
 10871 | D:11     | Reached *** piety under Vehumet
 10928 | D:11     | Learned a level 1 spell: Summon Butterflies
 11030 | D:11     | Noticed a green ugly thing
 11047 | D:11     | Banished a green ugly thing
 11114 | D:11     | Reached skill level 10 in Conjurations
 11498 | Lair:1   | Entered Level 1 of the Lair of Beasts
 11741 | D:3      | Killed Ijyb
 11841 | D:5      | Noticed Duvessa
 11859 | D:5      | Killed Dowan
 11859 | D:5      | Offered knowledge of Throw Icicle by Vehumet.
 11868 | D:5      | Killed Duvessa
 11869 | D:5      | Found a deep blue altar of Sif Muna.
 11876 | D:5      | Learned a level 4 spell: Throw Icicle
 12200 | Lair:1   | Reached skill level 10 in Fire Magic
 13848 | Lair:2   | Found the amulet of Vitality {Regen+ HP+15}
 13919 | Lair:2   | Reached **** piety under Vehumet
 14289 | Lair:2   | Reached XP level 12. HP: 66/66 MP: 17/24
 14295 | Lair:2   | Offered knowledge of Iskenderun's Mystic Blast by Vehumet.
 14306 | Lair:2   | Noticed an eight-headed hydra
 14310 | Lair:2   | Killed an eight-headed hydra
 14401 | Lair:2   | Noticed a seven-headed hydra
 14405 | Lair:2   | Killed a seven-headed hydra
 14444 | Lair:2   | Found a staircase to the Swamp.
 14488 | Lair:3   | Found a hole to the Spider Nest.
 14493 | Lair:3   | Identified a scroll of acquirement
 14584 | Lair:3   | Reached skill level 10 in Polearms
 14622 | Lair:3   | Found a frozen archway.
 14661 | IceCv    | Entered an ice cave
 14786 | IceCv    | Found a transporter.
 14823 | IceCv    | Engulfed by an ice statue's freezing vapour

Levels and vault maps discovered:
D:1:      shiori_arrival_maze, layout_basic
D:2:      layout_basic
D:3:      layout_loops_cross, minivault_4, uniq_ijyb, uniq_jessica
D:4:      layout_basic, lemuel_crystal_altar, grunt_qazlal_clouds,
          kennysheep_mini, chequers_serial_rivers_micro_b,
          kennysheep_generic_room_14
D:5:      layout_rooms, lemuel_round_altar, okawaru_metal_pillars_1_2,
          minmay_temple_entry_junction, first_ration, uniq_duvessa
D:6:      layout_loops_corners, marbit_many_paths
D:7:      layout_gridville, kennysheep_mini_moat, uniq_prince_ribbit1
D:8:      layout_loops_ring, bloody_makhleb, lair_entry_dummy, uniq_psyche
D:9:      layout_rooms, lemuel_round_altar, nicolae_ru_awakened_eye,
          gammafunk_temple_overflow_statue, david_orc_3, hangedman_ranch
          [blue_anna_fruit_fields], uniq_grum
D:10:     layout_loops_corners
D:11:     layout_cave_pools, dk_noncrumbling_3, bh_walls_and_bars
Temple:   compressed_dpeg_circular_temple
Lair:1:   layout_gridlike, grunt_megastairs_5
Lair:2:   layout_loops_ring, palyth_hydra_swamp_entry, lemuel_fruit_fields
Lair:3:   layout_misc_corridors, spider_nest_entry_a,
          portal_ice_cave_entry_pillars_1, grunt_megastairs_1
IceCv:    ice_cave_statue_garden_transporter

Skill      XL: |  1  2  3  4  5  6  7  8  9 10 11 12 |
---------------+-------------------------------------+-----
Fire Magic     | 4 5 6 8 10 | 10.0
Conjurations   | 2 4 8 9 10 | 10.0
Spellcasting   | 5 6 7 8 |  8.8
Stealth        | 3 4 |  4.0
Fighting       | 1 2 3 4 |  4.1
Dodging        | 3 4 |  4.0
Polearms       | 4 7 9 10 | 10.4
Evocations     | 4 |  4.0

Action                   |  1- 3 |  4- 6 |  7- 9 | 10-12 || total
-------------------------+-------+-------+-------+-------++-------
Melee: Dagger            |     5 |    13 |       |       ||    18
       Flail             |       |    29 |       |       ||    29
       Hand axe          |       |       |   106 |     3 ||   109
       Demon trident     |       |       |       |   408 ||   408
Throw: Stone             |       |     1 |       |       ||     1
       Dart              |       |     4 |     9 |     1 ||    14
 Cast: Flame Tongue      |    40 |    92 |   119 |    34 ||   285
       Throw Flame       |     6 |     3 |    18 |     4 ||    31
       Conjure Flame     |       |     7 |    16 |    24 ||    47
       Sticky Flame      |       |       |     9 |    27 ||    36
       Fireball          |       |       |       |    12 ||    12
Evoke: Wand              |       |     1 |     5 |     3 ||     9
  Use: Scroll            |     4 |     2 |     4 |    15 ||    25
       Potion            |       |     1 |     1 |     2 ||     4
 Stab: Sleeping          |     1 |     2 |     1 |    14 ||    18
  Eat: Chunk             |     2 |     7 |     9 |    21 ||    39
       Ration            |       |       |     2 |     1 ||     3
Armor: Robe              |     1 |       |       |       ||     1
       Leather armour    |     2 |    21 |    55 |    85 ||   163
Dodge: Dodged            |    11 |    55 |    77 |   123 ||   266

Table legend:
 A = Non-vault XP
 B = Vault XP
 C = Vault XP percentage of total XP
 D = Non-vault monster count
 E = Vault monster count
 F = Vault count percentage of total count
                 A         B        C        D         E       F
            +---------+---------+-------+---------+---------+-------
      Total |   18710 |    9308 |  33.2 |     245 |      44 |  15.2
            +---------+---------+-------+---------+---------+-------
        D:1 |      47 |       3 |   6.0 |      26 |       2 |   7.1
        D:2 |       8 |       0 |   0.0 |       4 |       0 |   0.0
        D:3 |     171 |      73 |  29.9 |      33 |       2 |   5.7
        D:4 |     490 |      37 |   7.0 |      17 |       1 |   5.6
        D:5 |     316 |     211 |  40.0 |       5 |       2 |  28.6
        D:6 |     641 |       0 |   0.0 |      18 |       0 |   0.0
        D:7 |     435 |     259 |  37.3 |      16 |       1 |   5.9
        D:8 |    1888 |       0 |   0.0 |      18 |       0 |   0.0
        D:9 |    2125 |    2990 |  58.5 |      20 |      17 |  45.9
       D:10 |    3346 |       0 |   0.0 |      29 |       0 |   0.0
       D:11 |    3213 |       0 |   0.0 |      24 |       0 |   0.0
     Lair:1 |    2720 |     540 |  16.6 |      16 |       2 |  11.1
     Lair:2 |    1995 |    2810 |  58.5 |      12 |       7 |  36.8
     Lair:3 |    1315 |     426 |  24.5 |       7 |       2 |  22.2
      IceCv |       0 |    1959 | 100.0 |       0 |       8 | 100.0
            +---------+---------+-------+---------+---------+-------
